[Event "ICC tourney 2482 (75 10)"]
[Site "Internet Chess Club"]
[Date "2021.03.27"]
[Round "2"]
[White "Volkov, Sergey:Volkov"]
[Black "FANG, JADEN:SaltyCarrot777"]
[Result "1/2-1/2"]
[ICCResult "Game drawn because neither player has mating material"]
[WhiteElo "2607"]
[BlackElo "2002"]
[Opening "Nimzo-Indian: Kmoch variation"]
[ECO "E20"]
[NIC "NI.30"]
[Time "15:31:37"]
[PlyCount "153"]
[TimeControl "4500+10"]

1. d4 Nf6 2. c4 e6 3. Nc3 Bb4 4. f3 d5 5. a3 Bxc3+ 6. bxc3 O-O 7. cxd5 exd5
8. e3 c5 9. Bd3 Nc6 10. Ne2 Re8 11. O-O Be6 12. Nf4 Bd7 13. g4 h6 14. Ra2
Rc8 15. h4 Nh7 16. Rh2 cxd4 17. cxd4 Ne7 18. Qe1 Nf8 19. g5 hxg5 20. hxg5
Bf5 21. e4 dxe4 22. fxe4 Neg6 23. Nd5 Qxd5 24. exd5 Rxe1 25. Rxe1 Bxd3 26.
Rh3 Bf5 27. Rf3 Bd7 28. Bd2 Nh4 29. Rf4 Nfg6 30. Rf2 Bg4 31. Rc1 Nf3+ 32.
Kg2 Rxc1 33. Bxc1 Nxd4 34. Be3 Nf5 35. Bxa7 Nd6 36. Rb2 Bc8 37. Bb8 Nc4 38.
Rb3 Nce5 39. Kg3 Nd7 40. Bd6 Ndf8 41. Rc3 Bd7 42. Rc7 b5 43. Rb7 f6 44.
gxf6 gxf6 45. Kf3 Kf7 46. Ke4 Kg7 47. Kd4 Kf7 48. Kc5 Kg7 49. Bh2 Kf7 50.
Kd6 Ke8 51. Rc7 f5 52. Rc1 Kf7 53. Rf1 Kf6 54. Kc7 Kf7 55. Bd6 Kf6 56. Kd8
Kf7 57. Bc5 Kf6 58. Bd4+ Kf7 59. Be3 Kf6 60. Bh6 Kf7 61. Bg5 Kg7 62. Rc1
Kf7 63. Rc7 Kg7 64. Rxd7+ Nxd7 65. Kxd7 f4 66. d6 f3 67. Be3 Kf6 68. Kc7
Ne5 69. d7 Nf7 70. d8=Q+ Nxd8 71. Kxd8 Ke6 72. Kc7 Kd5 73. Kb6 Kc4 74. Ka5
Kb3 75. Bc5 f2 76. Bxf2 Kxa3 77. Kxb5 { Game drawn because neither player
has mating material } 1/2-1/2

[Event "ICC tourney 2482 (75 10)"]
[Site "Internet Chess Club"]
[Date "2021.03.27"]
[Round "2"]
[White "PANG, ASHLEY:redhawk2020"]
[Black "HU, ALEXANDER C:ahu1015"]
[Result "0-1"]
[ICCResult "White resigns"]
[WhiteElo "1955"]
[BlackElo "2015"]
[Opening "Sicilian: Canal-Sokolsky attack, Sokolsky variation"]
[ECO "B52"]
[NIC "SI.01"]
[Time "15:31:43"]
[PlyCount "114"]
[TimeControl "4500+10"]

1. e4 c5 2. Nf3 d6 3. Bb5+ Bd7 4. Bxd7+ Qxd7 5. c4 Nf6 6. Nc3 g6 7. d4 cxd4
8. Nxd4 Bg7 9. f3 Nc6 10. Nde2 O-O 11. O-O Qc7 12. Be3 a6 13. Rc1 Qa5 14.
Qb3 Rab8 15. Rfd1 b5 16. c5 dxc5 17. Bxc5 Bh6 18. Rc2 Rfd8 19. Nd5 Nxd5 20.
exd5 Rb7 21. Rf1 Ne5 22. Nd4 Qa4 23. Nc6 Qxb3 24. axb3 Rc8 25. Rd1 Nxc6 26.
dxc6 Rbc7 27. Re2 e6 28. Kf2 Rxc6 29. Bb4 Bg7 30. Ke3 Bf6 31. Ra1 Rd8 32.
f4 Kg7 33. g3 Rd5 34. Ba5 e5 35. Bb4 exf4+ 36. gxf4 Rh5 37. Ra3 Re6+ 38.
Kf3 Rxe2 39. Kxe2 Rxh2+ 40. Kd1 Rxb2 41. Bd2 Rb1+ 42. Kc2 Ra1 43. Rxa1 Bxa1
44. b4 Kf6 45. Kd3 Ke6 46. Ke4 f5+ 47. Kd3 Kd5 48. Be3 Bf6 49. Bd2 h6 50.
Be3 g5 51. fxg5 hxg5 52. Bf2 f4 53. Bg1 Be7 54. Kc3 g4 55. Bf2 g3 56. Be1
Bd6 57. Kb3 f3 { White resigns } 0-1

[Event "ICC tourney 2482 (75 10)"]
[Site "Internet Chess Club"]
[Date "2021.03.27"]
[Round "2"]
[White "ZHOU, CHELSEA:pawnpush202044"]
[Black "OTAWA, YUTO:hidedozyo"]
[Result "1/2-1/2"]
[ICCResult "Black stalemated"]
[WhiteElo "1875"]
[BlackElo "2327"]
[Opening "QGD: Charousek (Petrosian) variation"]
[ECO "D31"]
[NIC "EO.64"]
[Time "15:31:52"]
[PlyCount "145"]
[TimeControl "4500+10"]

1. c4 e6 2. d4 d5 3. Nc3 Be7 4. Nf3 Nf6 5. e3 O-O 6. Be2 dxc4 7. Bxc4 a6 8.
a4 c5 9. O-O Nc6 10. dxc5 Bxc5 11. Bd2 Qe7 12. h3 e5 13. e4 h6 14. Re1 Nd4
15. Nd5 Nxd5 16. exd5 Nxf3+ 17. Qxf3 Bd7 18. Bc3 Bd6 19. Re3 Rae8 20. Qe2
Kh8 21. Re1 f6 22. Bd3 Bxa4 23. Qh5 Bb5 24. Bg6 Rc8 25. Rg3 Be8 26. Bd2
Bxg6 27. Rxg6 Rf7 28. Re4 f5 29. Re6 Qd7 30. Rh4 Bf8 31. Rxe5 Rf6 32. Bc3
Qf7 33. Qxf7 Rxf7 34. Re6 Kg8 35. Rd4 Rd8 36. d6 Rfd7 37. Rf4 Rxd6 38. Rxd6
Rxd6 39. Rxf5 Rd1+ 40. Kh2 Rd7 41. Kg3 Bd6+ 42. Kf3 Rf7 43. Rxf7 Kxf7 44.
Ke4 g6 45. Kd5 Ke7 46. Bd4 Kd7 47. Bg7 h5 48. Bf6 Bf4 49. b3 Bd2 50. Bd4
Bb4 51. Bf6 Bd2 52. g4 hxg4 53. hxg4 Bc1 54. Bc3 Bf4 55. Ke4 Bc1 56. f4 b5
57. f5 gxf5+ 58. Kxf5 Kc6 59. g5 Bxg5 60. Kxg5 Kb6 61. b4 a5 62. bxa5+ Ka6
63. Bb4 Ka7 64. Kf5 Ka6 65. Ke6 Ka7 66. Kd7 Ka8 67. Kc6 Ka7 68. Kxb5 Ka8
69. a6 Kb8 70. Kb6 Ka8 71. Bc5 Kb8 72. a7+ Ka8 73. Ka6 { Black stalemated }
1/2-1/2

[Event "ICC tourney 2482 (75 10)"]
[Site "Internet Chess Club"]
[Date "2021.03.27"]
[Round "3"]
[White "FANG, JADEN:SaltyCarrot777"]
[Black "ZHANG, SAMUEL:lmperatorX"]
[Result "1/2-1/2"]
[ICCResult "Game drawn by mutual agreement"]
[WhiteElo "2002"]
[BlackElo "2113"]
[Opening "Sicilian: Alapin's variation (2.c3)"]
[ECO "B22"]
[NIC "SI.46"]
[Time "19:03:55"]
[PlyCount "40"]
[TimeControl "4500+10"]

1. e4 c5 2. c3 Nf6 3. e5 Nd5 4. d4 e6 5. Nf3 cxd4 6. cxd4 Nc6 7. Nc3 Nxc3
8. bxc3 d6 9. exd6 Bxd6 10. Bd3 O-O 11. O-O e5 12. dxe5 Nxe5 13. Nxe5 Bxe5
14. Bxh7+ Kxh7 15. Qh5+ Kg8 16. Qxe5 Re8 17. Qg3 Re6 18. Bg5 Qd6 19. Rad1
Qxg3 20. fxg3 Re8 { Game drawn by mutual agreement } 1/2-1/2

[Event "ICC tourney 2482 (75 10)"]
[Site "Internet Chess Club"]
[Date "2021.03.27"]
[Round "3"]
[White "ZHOU, CHELSEA:pawnpush202044"]
[Black "SHEEHAN, ETHAN THOMAS:Chessking2008"]
[Result "0-1"]
[ICCResult "White resigns"]
[WhiteElo "1875"]
[BlackElo "2196"]
[Opening "English opening"]
[ECO "A20"]
[NIC "EO.24"]
[Time "19:03:16"]
[PlyCount "60"]
[TimeControl "4500+10"]

1. c4 e5 2. g3 Nf6 3. Bg2 d5 4. cxd5 Nxd5 5. Nc3 Nb6 6. Nf3 Nc6 7. O-O Be7
8. d3 Be6 9. a3 O-O 10. b4 f6 11. Bb2 Qd7 12. Re1 a6 13. Qc2 f5 14. e3 Bf6
15. Rac1 Rad8 16. Red1 Rfe8 17. d4 exd4 18. exd4 Qf7 19. Re1 h6 20. Ne5
Bxe5 21. dxe5 Nd4 22. Qb1 c6 23. Ne2 Nxe2+ 24. Rxe2 f4 25. Be4 Qh5 26. Rce1
Rf8 27. gxf4 Rxf4 28. Bc1 Rg4+ 29. Kh1 Rxe4 30. Rxe4 Qf3+ { White resigns }
0-1

[Event "ICC tourney 2482 (75 10)"]
[Site "Internet Chess Club"]
[Date "2021.03.27"]
[Round "3"]
[White "BELOUS, VLADIMIR:Openyagami"]
[Black "XUE, JERRY Q:JQX2019"]
[Result "1-0"]
[ICCResult "Black resigns"]
[WhiteElo "2607"]
[BlackElo "1935"]
[Opening "English opening"]
[ECO "A13"]
[NIC "EO.64"]
[Time "19:03:13"]
[PlyCount "39"]
[TimeControl "4500+10"]

1. c4 e6 2. Nc3 Ne7 3. d4 d5 4. Nf3 b6 5. Bf4 Bb7 6. Nb5 Na6 7. Qa4 Nc6 8.
a3 Qd7 9. cxd5 exd5 10. Rc1 Be7 11. Rxc6 Bxc6 12. e3 Nc5 13. dxc5 a6 14.
Nxc7+ Kf8 15. Qb3 Rc8 16. cxb6 Bb7 17. Bd3 Qc6 18. O-O f6 19. Nd4 Qe8 20.
Nxe8 { Black resigns } 1-0

[Event "ICC tourney 2482 (75 10)"]
[Site "Internet Chess Club"]
[Date "2021.03.27"]
[Round "3"]
[White "KRISHNAKUMAR, SRIRAM:sriramk"]
[Black "LUO, TERRY:Terry1234"]
[Result "1/2-1/2"]
[ICCResult "Game drawn by mutual agreement"]
[WhiteElo "2165"]
[BlackElo "2277"]
[Opening "Sicilian, Chekhover variation"]
[ECO "B53"]
[NIC "SI.02"]
[Time "19:03:08"]
[PlyCount "49"]
[TimeControl "4500+10"]

1. e4 c5 2. Nf3 d6 3. d4 cxd4 4. Qxd4 a6 5. c4 Nc6 6. Qe3 Nf6 7. h3 g6 8.
Nc3 Bg7 9. Be2 O-O 10. O-O Bd7 11. Rd1 Qc7 12. Bd2 Rac8 13. Rac1 Qb8 14.
Nd5 Nxd5 15. exd5 Ne5 16. Nd4 b5 17. cxb5 Bxb5 18. Nxb5 axb5 19. b3 Bf6 20.
f4 Nd7 21. Bg4 Rxc1 22. Rxc1 Qb7 23. Bxd7 Qxd7 24. Bc3 Bxc3 25. Rxc3 { Game
drawn by mutual agreement } 1/2-1/2

[Event "ICC tourney 2482 (75 10)"]
[Site "Internet Chess Club"]
[Date "2021.03.27"]
[Round "3"]
[White "JORAJURIA MENDOZA, ALGOL:AJM04"]
[Black "QUIRKE, JEFFREY L:PawnEatingZombi"]
[Result "0-1"]
[ICCResult "White resigns"]
[WhiteElo "2050"]
[BlackElo "2200"]
[Opening "Caro-Kann: advance variation"]
[ECO "B12"]
[NIC "CK.04"]
[Time "19:03:06"]
[PlyCount "43"]
[TimeControl "4500+10"]

1. e4 c6 2. d4 d5 3. e5 Bf5 4. h4 h5 5. c4 dxc4 6. Bxc4 e6 7. Ne2 Nd7 8.
Nbc3 Be7 9. Ng3 Bg6 10. Nce4 Qb6 11. O-O O-O-O 12. Nd6+ Bxd6 13. exd6 Qb4
14. Be2 Qxd6 15. Bg5 Ngf6 16. Rc1 Nb6 17. Qb3 Qxd4 18. Be3 Qa4 19. Qc3 Nfd5
20. Qe5 Nxe3 21. b3 Ng4 22. Qc5 { White resigns } 0-1

[Event "ICC tourney 2482 (75 10)"]
[Site "Internet Chess Club"]
[Date "2021.03.27"]
[Round "3"]
[White "KUDRIN, SERGEY:analyst1"]
[Black "Massick, Laine:Laine23"]
[Result "1-0"]
[ICCResult "Black resigns"]
[WhiteElo "2479"]
[BlackElo "1935"]
[Opening "Sicilian: Kan, Polugaievsky variation"]
[ECO "B42"]
[NIC "SI.42"]
[Time "19:03:08"]
[PlyCount "79"]
[TimeControl "4500+10"]

1. e4 c5 2. Nf3 e6 3. d4 cxd4 4. Nxd4 a6 5. Bd3 Bc5 6. Nb3 Ba7 7. Qg4 Nf6
8. Qg3 d6 9. Nc3 Nc6 10. Bg5 Ne5 11. O-O-O b5 12. a3 h6 13. Be3 Ng6 14. h4
Bxe3+ 15. Qxe3 O-O 16. h5 Ne5 17. f4 Nc4 18. Qe2 Qc7 19. g4 Nh7 20. Bxc4
bxc4 21. Nd2 Bb7 22. Nxc4 d5 23. Ne5 Rad8 24. exd5 Bxd5 25. Nxd5 Rxd5 26.
Rxd5 exd5 27. Rd1 Nf6 28. Qxa6 Nxg4 29. Qc6 Qb8 30. Rxd5 Nxe5 31. fxe5 Rc8
32. Rb5 Rxc6 33. Rxb8+ Kh7 34. b4 g5 35. hxg6+ Rxg6 36. Rb5 Rg5 37. a4 h5
38. e6 Rxb5 39. axb5 h4 40. e7 { Black resigns } 1-0

[Event "ICC tourney 2482 (75 10)"]
[Site "Internet Chess Club"]
[Date "2021.03.27"]
[Round "3"]
[White "THOMAS, KENNETH PATRICK:kpthomas"]
[Black "ZHANG, DANIEL Y:dzchess01"]
[Result "1/2-1/2"]
[ICCResult "Game drawn by mutual agreement"]
[WhiteElo "2110"]
[BlackElo "1907"]
[Opening "English opening"]
[ECO "A05"]
[NIC "QP.11"]
[Time "19:03:36"]
[PlyCount "44"]
[TimeControl "4500+10"]

1. Nf3 Nf6 2. c4 e6 3. e3 b6 4. Be2 Be7 5. b3 O-O 6. Bb2 Bb7 7. Nc3 d5 8.
cxd5 exd5 9. O-O c5 10. d4 Nc6 11. dxc5 bxc5 12. Na4 Rc8 13. Rc1 Ne4 14.
Ne1 d4 15. exd4 Nxd4 16. Bxd4 Qxd4 17. Nf3 Qf6 18. Qd7 Bc6 19. Qg4 Rfd8 20.
Rfd1 Bxa4 21. Qxe4 Bc6 22. Qe5 Bxf3 { Game drawn by mutual agreement }
1/2-1/2

[Event "ICC tourney 2482 (75 10)"]
[Site "Internet Chess Club"]
[Date "2021.03.27"]
[Round "3"]
[White "YERRA, SAI SNEHA:saisneha"]
[Black "SRIPADA, HAVISH:brilliantnessme"]
[Result "1-0"]
[ICCResult "Black resigns"]
[WhiteElo "1901"]
[BlackElo "2036"]
[Opening "QGD: exchange, positional line, 6.Qc2"]
[ECO "D36"]
[NIC "QO.16"]
[Time "19:03:05"]
[PlyCount "67"]
[TimeControl "4500+10"]

1. d4 d5 2. c4 e6 3. Nc3 Nf6 4. cxd5 exd5 5. Bg5 c6 6. Qc2 Be7 7. e3 h6 8.
Bh4 Nbd7 9. Bd3 Nh5 10. Bxe7 Qxe7 11. Nf3 Nf4 12. O-O Nxd3 13. Qxd3 O-O 14.
a3 a5 15. Rfe1 f5 16. Rac1 a4 17. Ne2 g5 18. Ng3 g4 19. Nd2 Qg5 20. Ne2 Nf6
21. Nf4 Nh5 22. Nxh5 Qxh5 23. Nf1 Qg5 24. Ng3 h5 25. Ne2 Bd7 26. Nf4 h4 27.
g3 hxg3 28. hxg3 Kf7 29. Kg2 Rh8 30. Rh1 Be6 31. Qc3 Bd7 32. Qb4 Rag8 33.
Qd6 Rxh1 34. Qxd7+ { Black resigns } 1-0

[Event "ICC tourney 2482 (75 10)"]
[Site "Internet Chess Club"]
[Date "2021.03.27"]
[Round "3"]
[White "Vittal, Sanjana:MCTS13"]
[Black "TANG, AUSTIN:Mrpeetapizza"]
[Result "1-0"]
[ICCResult "Black resigns"]
[WhiteElo "2196"]
[BlackElo "1874"]
[Opening "Sicilian: closed, 2...Nc6"]
[ECO "B23"]
[NIC "SI.44"]
[Time "19:03:17"]
[PlyCount "61"]
[TimeControl "4500+10"]

1. e4 c5 2. Nc3 Nc6 3. Bb5 g6 4. Bxc6 bxc6 5. d3 Bg7 6. f4 d6 7. Nf3 e6 8.
O-O Ne7 9. Qe1 Ba6 10. b3 d5 11. Bb2 c4 12. dxc4 dxc4 13. Rf2 cxb3 14. axb3
Bb7 15. Rd1 Qb8 16. Nd4 O-O 17. f5 exf5 18. exf5 c5 19. f6 cxd4 20. fxg7
Kxg7 21. Qxe7 Kg8 22. Ne4 Bxe4 23. Qxe4 Qb6 24. Bxd4 Qc7 25. Qe5 Qxe5 26.
Bxe5 Rfe8 27. Bf6 h5 28. Rfd2 Kh7 29. Rd8 Rc8 30. Rxc8 Rxc8 31. Rd8 { Black
resigns } 1-0

[Event "ICC tourney 2482 (75 10)"]
[Site "Internet Chess Club"]
[Date "2021.03.27"]
[Round "3"]
[White "Poliannikov, Danila:dopolian"]
[Black "Dragun, Kamil:Dragso95"]
[Result "0-1"]
[ICCResult "White resigns"]
[WhiteElo "2266"]
[BlackElo "2607"]
[Opening "Sicilian: Najdorf, Zagreb (fianchetto) variation"]
[ECO "B91"]
[NIC "SI.14"]
[Time "19:03:08"]
[PlyCount "56"]
[TimeControl "4500+10"]

1. e4 c5 2. Nf3 d6 3. d4 cxd4 4. Nxd4 Nf6 5. Nc3 a6 6. g3 e5 7. Nde2 Be6 8.
Bg2 Be7 9. O-O O-O 10. a4 Nbd7 11. h3 Qc7 12. Be3 Rac8 13. Qd2 Nc5 14. f4
Bc4 15. Rfc1 Rfe8 16. b3 Bxe2 17. Qxe2 exf4 18. Bxf4 Ne6 19. Bd2 d5 20. e5
Bc5+ 21. Kh1 Nd4 22. Qd3 Qxe5 23. Re1 Qh5 24. Rxe8+ Rxe8 25. Re1 Rxe1+ 26.
Bxe1 Qe5 27. Bd2 Nf5 28. Kh2 Nxg3 { White resigns } 0-1

[Event "ICC tourney 2482 (75 10)"]
[Site "Internet Chess Club"]
[Date "2021.03.27"]
[Round "3"]
[White "VAKHIDOV, JAKHONGIR:TjkTiger"]
[Black "TANG, ZOEY:WonderZ"]
[Result "1-0"]
[ICCResult "Black resigns"]
[WhiteElo "2610"]
[BlackElo "2048"]
[Opening "English, Kramnik-Shirov counterattack"]
[ECO "A21"]
[NIC "EO.23"]
[Time "19:04:01"]
[PlyCount "75"]
[TimeControl "4500+10"]

1. c4 e5 2. Nc3 Bb4 3. Nd5 Bc5 4. e3 c6 5. d4 exd4 6. exd4 Be7 7. Nxe7 Nxe7
8. Bd3 d5 9. c5 Bf5 10. Ne2 O-O 11. O-O Nd7 12. Ng3 Bg6 13. Bf4 Nf6 14. Re1
Re8 15. Bg5 Nd7 16. Bxg6 hxg6 17. Qg4 Nf8 18. Re3 f6 19. Bf4 b6 20. Bd6
bxc5 21. Bxc5 f5 22. Qe2 f4 23. Bxe7 Qd7 24. Re5 fxg3 25. hxg3 Rab8 26. Re1
a5 27. Ba3 Rxe5 28. Qxe5 Qb7 29. Qf4 c5 30. dxc5 Rd8 31. c6 Qxc6 32. Re7
Qf6 33. Qc7 Ra8 34. Bd6 Qd4 35. Kh2 Qg4 36. Rxg7+ Kh8 37. Rh7+ Nxh7 38.
Be5+ { Black resigns } 1-0

[Event "ICC tourney 2482 (75 10)"]
[Site "Internet Chess Club"]
[Date "2021.03.27"]
[Round "3"]
[White "RAJANISH, ADHVAITH:Adhvaith0406"]
[Black "LIANG, YU-CHENG:Yucheng"]
[Result "1-0"]
[ICCResult "Black resigns"]
[WhiteElo "2036"]
[BlackElo "1921"]
[Opening "Ruy Lopez: closed, Chigorin defense"]
[ECO "C97"]
[NIC "RL.24"]
[Time "19:03:11"]
[PlyCount "71"]
[TimeControl "4500+10"]

1. e4 e5 2. Nf3 Nc6 3. Bb5 a6 4. Ba4 Nf6 5. O-O Be7 6. Re1 b5 7. Bb3 O-O 8.
c3 d6 9. h3 Na5 10. Bc2 c5 11. d4 Qc7 12. Nbd2 Bd7 13. Nf1 c4 14. Ne3 Rfe8
15. a4 Bf8 16. Nd5 Nxd5 17. exd5 exd4 18. Nxd4 Rxe1+ 19. Qxe1 Re8 20. Qd1
Nb7 21. Be3 Nc5 22. axb5 axb5 23. Qf3 g6 24. Nc6 Bxc6 25. dxc6 Rc8 26. Bxc5
dxc5 27. Be4 Rd8 28. Bd5 Bg7 29. Rd1 Kf8 30. g3 Qe7 31. Kg2 Bf6 32. Re1 Qd6
33. Re6 fxe6 34. Qxf6+ Ke8 35. Qxe6+ Qe7 36. c7 { Black resigns } 1-0

[Event "ICC tourney 2482 (75 10)"]
[Site "Internet Chess Club"]
[Date "2021.03.27"]
[Round "3"]
[White "FENG, YANZHE:yanzhe"]
[Black "CAO, TIMOTHY:tcao"]
[Result "0-1"]
[ICCResult "White resigns"]
[WhiteElo "1902"]
[BlackElo "2067"]
[Opening "Queen's gambit declined"]
[ECO "D30"]
[NIC "TD.06"]
[Time "19:03:14"]
[PlyCount "82"]
[TimeControl "4500+10"]

1. d4 e6 2. c4 d5 3. Nf3 Nf6 4. e3 c5 5. Nc3 Nc6 6. cxd5 exd5 7. Bb5 a6 8.
Bxc6+ bxc6 9. O-O Bd6 10. Qc2 O-O 11. dxc5 Bxc5 12. Na4 Bd6 13. Qxc6 Bg4
14. Nd4 Rc8 15. Qxa6 Ra8 16. Qc6 Qb8 17. Nb6 Bxh2+ 18. Kh1 Qe5 19. Nf3 Bxf3
20. gxf3 Qh5 21. Kg2 Be5 22. Rh1 Qg5+ 23. Kf1 Qf5 24. Ke2 Rad8 25. Rd1 d4
26. e4 Qh5 27. Nc4 Rc8 28. Qb5 Rfe8 29. Nd2 Rcd8 30. Kd3 Nxe4 31. fxe4 Qxd1
32. a4 Rb8 33. Qd5 Bf4 34. Ra3 Bxd2 35. Bxd2 Rxb2 36. Qg5 Qc2+ 37. Ke2
Qxe4+ 38. Re3 d3+ 39. Kd1 Qxa4+ 40. Ke1 Rb1+ 41. Bc1 Rxc1+ { White resigns
} 0-1

[Event "ICC tourney 2482 (75 10)"]
[Site "Internet Chess Club"]
[Date "2021.03.27"]
[Round "3"]
[White "OTAWA, YUTO:hidedozyo"]
[Black "Kodarapu, Ishaan:pika0008"]
[Result "1-0"]
[ICCResult "Black resigns"]
[WhiteElo "2327"]
[BlackElo "1965"]
[Opening "QGD Slav defense: exchange variation"]
[ECO "D10"]
[NIC "SL.01"]
[Time "19:03:16"]
[PlyCount "107"]
[TimeControl "4500+10"]

1. d4 d5 2. c4 c6 3. cxd5 cxd5 4. Bf4 Nc6 5. e3 Nf6 6. Nc3 a6 7. Be2 e6 8.
Rc1 Bd6 9. Bxd6 Qxd6 10. f4 O-O 11. Nf3 b5 12. Ne5 Bb7 13. O-O Nd7 14. Bd3
f5 15. g4 fxg4 16. Qxg4 Nf6 17. Qh3 Rae8 18. Rf3 Re7 19. Qh4 g6 20. Rcf1
Rg7 21. R1f2 Qe7 22. Rg2 Nxe5 23. fxe5 Nh5 24. Rxf8+ Qxf8 25. Rf2 Rf7 26.
Nb1 Ng7 27. Nd2 Nf5 28. Bxf5 Rxf5 29. Nb3 Rxf2 30. Qxf2 Qe7 31. Nc5 Bc8 32.
Qf4 Kg7 33. h4 h6 34. Kf2 g5 35. hxg5 hxg5 36. Qf3 Kg6 37. Kg3 Qg7 38. Kg4
Qh8 39. Qh3 Qxh3+ 40. Kxh3 a5 41. Kg4 Kh6 42. Nb3 a4 43. Nd2 b4 44. Nf3 Kg6
45. a3 b3 46. Nxg5 Bd7 47. Kf4 Kh5 48. Nf7 Kg6 49. Nd6 Bc6 50. e4 dxe4 51.
Nxe4 Kf7 52. Nc5 Ke7 53. Ke3 Bb5 54. Kd2 { Black resigns } 1-0

[Event "ICC tourney 2482 (75 10)"]
[Site "Internet Chess Club"]
[Date "2021.03.27"]
[Round "3"]
[White "WISNIOWSKI, NATALIE:canary2016"]
[Black "MOU, IRIS:MagicStar"]
[Result "0-1"]
[ICCResult "White resigns"]
[WhiteElo "1956"]
[BlackElo "2008"]
[Opening "QGA: 3.e4"]
[ECO "D20"]
[NIC "QG.04"]
[Time "19:03:10"]
[PlyCount "134"]
[TimeControl "4500+10"]

1. d4 d5 2. c4 dxc4 3. e4 Nc6 4. Nf3 Bg4 5. Bxc4 e6 6. d5 exd5 7. exd5 Ne5
8. Qe2 Bd6 9. Bf4 Bxf3 10. gxf3 Qe7 11. Bb5+ Kf8 12. Nd2 a6 13. Bxe5 Bxe5
14. Bd3 Nf6 15. Nc4 Re8 16. Kf1 Nxd5 17. Nxe5 Qxe5 18. Qxe5 Rxe5 19. Rc1
Ke7 20. Rg1 g6 21. Be4 Kd6 22. Bxd5 Rxd5 23. Rg4 f5 24. Rb4 b6 25. Rbc4 c5
26. b4 Rc8 27. Rb1 b5 28. bxc5+ Rcxc5 29. Rh4 h5 30. a4 Rc4 31. Rxc4 bxc4
32. Rb6+ Kc5 33. Rxa6 c3 34. Ra8 Kb4 35. Ke2 c2 36. Rc8 Kb3 37. Rb8+ Kxa4
38. Rc8 Kb3 39. Rb8+ Kc3 40. Rc8+ Kb2 41. Rb8+ Kc1 42. Rb6 Re5+ 43. Kf1 Kd2
44. Rd6+ Kc3 45. Rc6+ Kd3 46. Rc7 Rb5 47. Kg2 Rb1 48. Rd7+ Kc3 49. Rc7+ Kb3
50. Rb7+ Ka4 51. Ra7+ Kb5 52. Rb7+ Ka6 53. Rc7 c1=Q 54. Rxc1 Rxc1 55. Kg3
Rc4 56. f4 Kb5 57. f3 Kb4 58. h3 Kc3 59. Kf2 Rxf4 60. Kg3 Rd4 61. Kf2 Kd3
62. Kg3 Ke3 63. Kg2 Rf4 64. h4 Rxf3 65. Kg1 Rg3+ 66. Kh1 Kf3 67. Kh2 Kf2 {
White resigns } 0-1

[Event "ICC tourney 2482 (75 10)"]
[Site "Internet Chess Club"]
[Date "2021.03.27"]
[Round "3"]
[White "PANG, ASHLEY:redhawk2020"]
[Black "ZHANG, ROGER:RogerZ"]
[Result "1-0"]
[ICCResult "Black resigns"]
[WhiteElo "1955"]
[BlackElo "1957"]
[Opening "Giuoco Pianissimo"]
[ECO "C50"]
[NIC "IG.02"]
[Time "19:03:11"]
[PlyCount "101"]
[TimeControl "4500+10"]

1. e4 e5 2. Nf3 Nc6 3. Bc4 Bc5 4. d3 d6 5. c3 Nf6 6. a4 a5 7. Nbd2 O-O 8.
O-O Bb6 9. Re1 Ne7 10. Nf1 Ng6 11. Ng3 Be6 12. Ba2 Qd7 13. Be3 Bxe3 14.
fxe3 Rfb8 15. Bxe6 fxe6 16. Qd2 h6 17. h3 b5 18. axb5 Qxb5 19. Reb1 Ra6 20.
Ne2 d5 21. exd5 exd5 22. Qc2 c5 23. c4 Qb3 24. Qxb3 Rxb3 25. Nc1 Rb4 26.
Nd2 d4 27. Ndb3 dxe3 28. Nxc5 Ra8 29. Na2 Rbb8 30. Nc3 Rc8 31. N3a4 Rc6 32.
Re1 Rac8 33. Nb3 e4 34. Nxa5 Ra6 35. b4 exd3 36. Rxe3 Rd6 37. Rd1 Rcd8 38.
Nb7 Nf4 39. Nxd6 Rxd6 40. Nc5 Rd4 41. Nxd3 Nxd3 42. Rexd3 Rxc4 43. Rd4 Rc2
44. Rb1 Rc8 45. b5 Rb8 46. b6 Kf7 47. b7 Ne8 48. Rd7+ Ke6 49. Rbd1 Nf6 50.
Rxg7 Re8 51. Re1+ { Black resigns } 1-0

[Event "ICC tourney 2482 (75 10)"]
[Site "Internet Chess Club"]
[Date "2021.03.27"]
[Round "3"]
[White "HU, ALEXANDER C:ahu1015"]
[Black "SRINIAIYER, SUDARSHAN:Ambuli123"]
[Result "1-0"]
[ICCResult "Black resigns"]
[WhiteElo "2015"]
[BlackElo "2170"]
[Opening "Sicilian: Taimanov (Bastrikov) variation"]
[ECO "B47"]
[NIC "SI.40"]
[Time "19:03:12"]
[PlyCount "63"]
[TimeControl "4500+10"]

1. e4 c5 2. Nf3 e6 3. d4 cxd4 4. Nxd4 Nc6 5. Nc3 Qc7 6. Be2 a6 7. O-O Nf6
8. Be3 Be7 9. Kh1 O-O 10. f4 d6 11. Qe1 Nxd4 12. Bxd4 b5 13. a3 Bb7 14. Qg3
Bc6 15. Bd3 Rad8 16. Rae1 Nh5 17. Qg4 Nf6 18. Qg3 Nh5 19. Qe3 Rb8 20. Qh3
Nxf4 21. Rxf4 e5 22. Nd5 Bxd5 23. exd5 g6 24. Rfe4 f5 25. R4e2 Bf6 26. Bc3
a5 27. g4 b4 28. gxf5 bxc3 29. fxg6 cxb2 30. g7 Qxg7 31. Rg2 Bg5 32. Rxg5 {
Black resigns } 1-0

[Event "ICC tourney 2482 (75 10)"]
[Site "Internet Chess Club"]
[Date "2021.03.27"]
[Round "3"]
[White "ZENG, SHEENA:shianen"]
[Black "GUILLEMETTE, HUGO:Heliosis"]
[Result "0-1"]
[ICCResult "White resigns"]
[WhiteElo "2197"]
[BlackElo "1915"]
[Opening "Queen's Indian: Petrosian system"]
[ECO "E12"]
[NIC "QI.04"]
[Time "19:03:08"]
[PlyCount "168"]
[TimeControl "4500+10"]

1. d4 Nf6 2. c4 e6 3. Nf3 b6 4. a3 Bb7 5. Nc3 d5 6. cxd5 Nxd5 7. Qc2 c5 8.
e4 Nxc3 9. bxc3 Be7 10. Bb5+ Bc6 11. Bd3 Nd7 12. O-O cxd4 13. cxd4 Rc8 14.
Qe2 Bb7 15. Bb2 O-O 16. e5 Bd5 17. Rac1 Nb8 18. Nd2 Nc6 19. Ne4 Na5 20.
Rxc8 Qxc8 21. Qg4 Kh8 22. Ng5 Bxg5 23. Qxg5 h6 24. Qh5 Qb7 25. f3 Nb3 26.
Qh4 Rc8 27. Qf2 b5 28. Rd1 a5 29. f4 Be4 30. Qe2 Bxd3 31. Qxd3 a4 32. f5
Qd5 33. fxe6 fxe6 34. Bc3 Qc4 35. Qxc4 Rxc4 36. Rd3 Nc1 37. Rf3 Rxc3 38.
Rf8+ Kh7 39. d5 exd5 40. e6 Re3 41. Re8 Nd3 42. g3 Kg6 43. Rd8 Rxe6 44.
Rxd5 Ne5 45. Rxb5 Nc4 46. Rb4 Nxa3 47. Rxa4 Nc2 48. Rg4+ Kf7 49. Rf4+ Rf6
50. Re4 Re6 51. Rf4+ Ke7 52. Rc4 Ne3 53. Rc7+ Kf6 54. h3 Nf5 55. Kf2 g6 56.
g4 Ne7 57. Rc3 Nd5 58. Rf3+ Ke5 59. Kg3 Rf6 60. Ra3 Rc6 61. Ra5 Rc3+ 62.
Kg2 Ke4 63. Ra4+ Ke3 64. h4 Nf4+ 65. Kg3 Ne2+ 66. Kg2 Nd4 67. h5 g5 68. Ra6
Rc6 69. Ra3+ Kf4 70. Ra4 Rc2+ 71. Kh3 Rc3+ 72. Kg2 Kxg4 73. Rxd4+ Kxh5 74.
Rb4 g4 75. Rb8 Kh4 76. Rg8 Rc2+ 77. Kg1 g3 78. Rg6 h5 79. Rh6 Kg4 80. Rg6+
Kh3 81. Kf1 g2+ 82. Kg1 Rc1+ 83. Kf2 Rf1+ 84. Ke2 g1=Q { White resigns }
0-1